 Dungeon Crawl Stone Soup version 0.30.0-5-g1a98f26d00 (webtiles) character file.

Game seed: 3816680079698204428

53 monsoonserge the Ducker (level 3, -1/25 HPs)
             Began as a Felid Berserker on May 11, 2023.
             Was a Follower of Trog.
             Slain by Natasha (7 damage)
             ... on level 3 of the Dungeon.
             The game lasted 00:04:39 (1738 turns).

monsoonserge the Ducker (Felid Berserker)           Turns: 1738, Time: 00:04:39

Health: -1/25      AC:  1    Str: 15    XL:     3   Next: 64%
Magic:  4/4        EV: 20    Int:  8    God:    Trog [*.....]
Gold:   94         SH:  0    Dex: 21    Spells: 2/2 levels left
                                        Lives:  0   Deaths: 0

rFire   . .          .
                       - Unarmed
rCold   . . .        (shield unavailable)
rNeg    . . .        (body armour unavailable)
rPois   +            (helmet unavailable)
rElec   .            (cloak unavailable)
rCorr   .            (gloves unavailable)
SInv    +            (boots unavailable)
Will    .....        (no amulet) Stlth
                     a - +6 ring of dexterity
HPRegen 0.24/turn    g - ring of poison resistance
MPRegen 0.09/turn

%: no passive effects
@: berserking, very quick
A: very small, claws 1, fangs 3, see invisible, speed 1, shaggy fur 1, stealthy
paws, no weapons or thrown items, no armour, multi-lived
a: Renounce Religion, Berserk


You were on level 3 of the Dungeon.
You worshipped Trog.
Trog was aware of your devotion.
You visited 1 branch of the dungeon, and saw 3 of its levels.

You collected 94 gold pieces.

Inventory:

Jewellery
 a - a +6 ring of dexterity (left paw)
 g - a ring of poison resistance (right paw)
Scrolls
 b - a scroll of vulnerability {unknown}
 c - 2 scrolls of enchant armour {unknown}
 d - a scroll of immolation {unknown}
 e - 2 scrolls of identify {unknown}
 k - a scroll of fear {unknown}
 l - a scroll of amnesia {unknown}
Potions
 f - a potion of cancellation {unknown}
 h - a potion of flight {unknown}
 i - a potion of magic {unknown}
 j - a potion of haste {unknown}
 m - a potion of curing {unknown}
 n - a potion of degeneration {unknown}


   Skills:
 + Level 3.3 Fighting
 + Level 4.5 Dodging
 * Level 2.2 Stealth
 + Level 3.6 Unarmed Combat


You had 2 spell levels left.
You didn't know any spells.
Your spell library was empty.

Dungeon Overview and Level Annotations

Branches:
Dungeon (3/15)

Altars:

Annotations:
D:3 Natasha


Innate Abilities, Weirdness & Mutations

You have sharp claws.
You have razor-sharp teeth.
You have supernaturally acute eyesight. (SInv)
You cover ground quickly. (Speed+)
You are covered in fur. (AC +1)
Your paws help you pounce on unaware monsters.
You are incapable of wielding weapons or throwing items.
You cannot wear armour.
You gain extra lives every three experience levels.


Message History

The kobold barely misses you.
You scratch the kobold.
You kill the kobold!
Trog accepts your kill.
You scratch the orc but do no damage. You bite the orc.
The orc is severely wounded.
The orc completely misses you.
You scratch the orc.
The orc is almost dead.
You scratch the orc.
You kill the orc!
Trog accepts your kill.
Things that are here:
a +0 mace; a +0 ring mail; an orc corpse You see here a +0 dagger.
n - a ruby potion
There are no items here.
HP restored.
Found 4 stones.
A kobold comes into view. It is wielding a +0 dagger.
The kobold shouts!
You scratch the kobold.
The kobold is heavily wounded.
The kobold completely misses you.
You scratch the kobold.
You kill the kobold!
Trog accepts your kill.
Things that are here:
a +0 dagger; 4 stones A rat comes into view.
The rat moves out of view.
Natasha, Servant of Life and Death comes into view.
Natasha hisses angrily.
Natasha claws you.
You scratch Natasha but do no damage. Natasha claws you!
* * * LOW HITPOINT WARNING * * *
A red film seems to cover your vision as you go berserk!
You feel yourself moving faster!
You feel mighty! Natasha closely misses you.
You barely miss Natasha. Natasha claws you!
You die...

#.##.##......#
#............#
####.#########
#.# ####)####
#.......#
#.##.##.#
#.##.##.#######.#
#.##......@h....#
#.#####.#########
#.# #.# #.. ..#
### ####


You could see Natasha.

Vanquished Creatures
  2 adders (D:2)
  An orc (D:3)
  3 ball pythons
  3 endoplasms
  A giant cockroach (D:2)
  4 goblins
  3 hobgoblins (D:1)
  6 kobolds
  2 quokkas (D:1)
  A frilled lizard (D:1)
  8 rats
34 creatures vanquished.

Notes
Turn   | Place    | Note
-------+----------+-------------------------------------------
     0 | D:1      | monsoonserge the Felid Berserker began the quest for the
                  | Orb.
     0 | D:1      | Reached XP level 1. HP: 10/10 MP: 2/2
   286 | D:1      | Reached XP level 2. HP: 14/14 MP: 3/3
   565 | D:1      | Reached skill level 1 in Stealth
  1171 | D:2      | Reached XP level 3. HP: 17/17 MP: 4/4
  1401 | D:2      | Identified the +1 ring mail of the Tanner {rC- Str+2 Dex+3}
  1730 | D:3      | Noticed Natasha
  1738 | D:3      | Slain by Natasha

Illustrated notes

Levels and vault maps discovered:
D:1:      dpeg_arrival_arbitrary_a, layout_loops_corners
D:2:      layout_loops_cross
D:3:      layout_loops_cross, uniq_robin, uniq_jessica, uniq_natasha,
          uniq_sigmund

Skill      XL: |  1  2  3 |
---------------+----------+-----
Stealth        | 1 2 |  2.2
Fighting       | |  3.3
Dodging        | |  4.5
Unarmed Combat | |  3.6

Action                     || total
---------------------------++-------
  Melee: Unarmed           ||    84
         Bite              ||     3
 Invoke: Berserk           ||     2
   Stab: Sleeping          ||     5
         Distracted        ||     1
 Armour: Skin              ||     1
  Dodge: Dodged            ||    47
